 Dungeon Crawl Stone Soup version 0.32-a0-329-ge6c31236d6 (webtiles) character file.

Game seed: 13070282395135675078

7600 Asceticacid the Gouger (level 10, -11/47 HPs)
             Began as a Felid Shapeshifter on Feb 16, 2024.
             Was a Follower of Ru.
             Shot with an arrow by a centaur (14 damage)
             ... on level 10 of the Dungeon.
             The game lasted 00:19:30 (8767 turns).

Asceticacid the Gouger (Felid Shapeshifter)         Turns: 8767, Time: 00:19:31

Health: -11/47     AC:  2    Str: 12    XL:     10   Next: 97%
Magic:  11/11      EV: 24    Int: 14    God:    Ru [*.....]
Gold:   505        SH:  0    Dex: 24    Spells: 9/9 levels left
                                        Lives:  0   Deaths: 3

rFire   . .          .
                       - Unarmed
rCold   + . .        (shield unavailable)
rNeg    . . .        (body armour unavailable)
rPois   .            (helmet unavailable)
rElec   .            (cloak unavailable)
rCorr   .            (gloves unavailable)
SInv    +            (boots unavailable)
Will    +....        j - amulet of regeneration
Stlth   +            s - ring of protection from cold
HPRegen 1.07/turn    v - +6 ring of dexterity
MPRegen 0.12/turn

%: no passive effects
@: flux-form, glowing
A: glow, contaminating, very small, claws 1, fangs 3, see invisible, shaggy fur
2, hated by all, stealthy paws, no weapons or thrown items, no armour,
multi-lived
a: Begin Untransformation, Renounce Religion


You were on level 10 of the Dungeon.
You worshipped Ru.
Ru was aware of your devotion.
You were something dangerously unstable.
You visited 1 branch of the dungeon, and saw 10 of its levels.

You collected 505 gold pieces.

Inventory:

Jewellery
 f - a ring of protection from fire
 j - an amulet of regeneration (around neck)
 s - a ring of protection from cold (left paw)
 v - a +6 ring of dexterity (right paw)
 B - a ring of resist corrosion
Talismans
 b - a beast talisman
 c - a flux talisman (active)
Wands
 l - a wand of iceblast (14)
 m - a wand of flame (8)
 z - a wand of paralysis (7)
Scrolls
 d - 5 scrolls of teleportation
 i - a scroll of vulnerability
 p - a scroll of poison
 t - a scroll of immolation
 u - a scroll of acquirement
 w - 2 scrolls of noise
 x - 3 scrolls of identify
 A - 2 scrolls of fear
Potions
 a - a potion of invisibility {unknown}
 e - a potion of cancellation
 g - 2 potions of berserk rage {unknown}
 h - a potion of curing
 k - 3 potions of haste
 n - 3 potions of resistance
 o - 2 potions of attraction {unknown}
 q - a potion of might {unknown}
 r - a potion of degeneration {unknown}
 C - 2 potions of heal wounds


   Skills:
 - Level 2.4 Fighting
 - Level 4.0 Dodging
 - Level 1.4 Stealth
 - Level 10.0 Unarmed Combat
 + Level 9.3 Evocations
 - Level 9.4 Shapeshifting


You had 9 spell levels left.
You didn't know any spells.
Your spell library was empty.

Dungeon Overview and Level Annotations

Branches:
Dungeon (10/15)            Temple (0/1) D:7
   Lair: D:8-11         Orc: D:9-12

Altars:
Ashenzari
Cheibriados
Dithmenos
Elyvilon
Nemelex Xobeh
Ru
The Shining One


Innate Abilities, Weirdness & Mutations

You are something dangerously unstable.
You glow with magical radiation, making you easy to see and hit.
Foes you strike become dangerously contaminated with magical radiation.
You have sharp claws.
You have razor-sharp teeth.
You have supernaturally acute eyesight. (SInv)
You are covered in thick fur. (AC +2)
You are hated by all.
Your paws help you pounce on unaware monsters.
You are incapable of wielding weapons or throwing items.
You cannot wear armour.
You gain extra lives every three experience levels.


Message History

The yak attacks as it pursues you! The yak completely misses you.
You completely miss the yak. Your bite misses the yak.
The yak is lightly wounded.
The yak closely misses you.
You claw the yak!
The yak begins to glow.
The yak is moderately wounded.
The yak gores you.
You scratch the yak.
The yak glows dangerously bright.
The yak is moderately wounded.
The yak misses you.
You claw the yak!
The yak shudders as magic cascades through it!!
You kill the yak!
The centaur shoots an arrow.
The arrow hits you!
You closely miss the yak. The yak completely misses you.
You closely miss the yak. You bite the yak, but do no damage.
The yak completely misses you.
You scratch the yak but do no damage.
The yak begins to glow.
You scratch the yak.
The yak glows dangerously bright.
The yak is lightly wounded.
The yak barely misses you.
You claw the yak!
The yak shudders as magic cascades through it.
The yak twists and deforms.
The yak is heavily wounded.
The yak gores you!
* * * LOW HITPOINT WARNING * * *
You scratch the yak.
The yak begins to glow.
The yak is heavily wounded.
The yak gores you!
* * * LOW HITPOINT WARNING * * *
You scratch the yak but do no damage.
The yak glows dangerously bright.
The yak is heavily wounded.
The yak completely misses you.
You scratch the yak.
The yak shudders as magic cascades through it!!
You kill the yak!
The centaur shoots an arrow.
The arrow hits you!
You die...
Ru respects your ultimate sacrifice.

##.###......)..........#
#..#.#..##.###########.#
#.#.⌠.#.##.# #.#
#####..#.#..##.# #.#
#......###.###.# #.#
#.####....## #.# #.###
###.####.#### #.# #....
.........#######.# #....
###.####.....c†p.# #)#..
#####..#### #.####.)..
#..# #......#.⌠ #..#
######.... #..# #.#..
#..##### #.... #...†cY#
#.#.. ##.###.# #.... #.#
# #.#.⌠


You could see a centaur.

Vanquished Creatures
  Gastronok (D:9)
  Maurice (D:8)
  Joseph (D:8)
  Maggie (D:9)
  2 trolls (D:9)
  A hornet (D:8)
  Grinder (D:5)
  4 yaks (D:10)
  Eustachio (D:4)
  A wyvern (D:8)
  2 steam dragons (D:6)
  4 ice beasts
  A black bear (D:4)
  An ogre (D:7)
  4 centaurs
  4 kobold brigands
  5 bullfrogs
  A scorpion (D:4)
  6 wights
  12 killer bees
  A howler monkey (D:8)
  5 bombardier beetles
  5 orc priests
  6 hounds
  6 jellies
  A gnoll bouda (D:4)
  Natasha (D:2)
  An iguana (D:5)
  10 orc wizards
  Robin (D:2)
  5 adders
  3 gnolls (D:4)
  3 white imps
  2 ufetubi (D:6)
  5 ribbon worms
  2 dart slugs (D:5)
  32 orcs
  11 ball pythons
  8 endoplasms
  7 giant cockroaches
  15 goblins
  10 hobgoblins
  6 jackals
  28 kobolds
  2 quokkas
  5 bats
  4 frilled lizards
  2 rats
241 creatures vanquished.

Notes
Turn   | Place    | Note
-------+----------+-------------------------------------------
     0 | D:1      | Asceticacid the Felid Shapeshifter began the quest for the
                  | Orb.
     0 | D:1      | Reached XP level 1. HP: 10/10 MP: 2/2
    60 | D:1      | Reached XP level 2. HP: 9/14 MP: 3/3
   146 | D:1      | Reached skill level 4 in Unarmed Combat
   322 | D:1      | Reached XP level 3. HP: 15/18 MP: 4/4
   707 | D:2      | Identified the +0 helmet of the Storm King {Str+2 Int+4
                  | Dex-3}
   707 | D:2      | Noticed Robin
   709 | D:2      | Noticed Natasha
   892 | D:2      | Reached XP level 4. HP: 22/22 MP: 5/5
   892 | D:2      | Gained a life (2 lives remaining)
   925 | D:2      | Reached skill level 5 in Unarmed Combat
  1209 | D:2      | Killed Natasha
  1496 | D:2      | Killed Robin
  1497 | D:2      | Reached XP level 5. HP: 18/25 MP: 6/6
  1748 | D:3      | Reached skill level 6 in Unarmed Combat
  2148 | D:3      | Gained mutation: You are covered in thick fur. (AC +2)
                  | [Felid growth]
  2148 | D:3      | Reached XP level 6. HP: 30/30 MP: 7/7
  2208 | D:3      | You fall into a shaft and drop 1 floor!
  2726 | D:3      | Found a sparkling altar of Nemelex Xobeh.
  2756 | D:3      | Reached skill level 7 in Unarmed Combat
  3037 | D:4      | Reached XP level 7. HP: 34/34 MP: 8/8
  3039 | D:4      | Identified a scroll of acquirement
  3039 | D:4      | Acquired an amulet of regeneration
  3388 | D:4      | Reached skill level 8 in Unarmed Combat
  3633 | D:4      | Noticed Eustachio
  3699 | D:4      | Killed Eustachio
  3846 | D:5      | Entered Level 5 of the Dungeon
  3848 | D:5      | Reached skill level 9 in Unarmed Combat
  3856 | D:5      | Reached XP level 8. HP: 39/39 MP: 9/9
  3934 | D:5      | Noticed Grinder
  3963 | D:5      | Killed Grinder
  3964 | D:5      | Reached skill level 5 in Shapeshifting
  5196 | D:6      | Reached XP level 9. HP: 35/42 MP: 10/10
  5610 | D:7      | Found a blossoming altar of Fedhas.
  5780 | D:7      | Found a staircase to the Ecumenical Temple.
  6399 | D:7      | Found a snail-covered altar of Cheibriados.
  6399 | D:7      | Found a glowing golden altar of the Shining One.
  6404 | D:7      | Found a shadowy altar of Dithmenos.
  6427 | D:7      | Found a basalt altar of Yredelemnul.
  6441 | D:7      | Found a hazy altar of Hepliaklqana.
  6446 | D:7      | Found a sacrificial altar of Ru.
  6453 | D:7      | Became a worshipper of Ru the Awakened
  6720 | D:8      | Noticed Maurice
  6743 | D:8      | Killed Maurice
  6960 | D:8      | Noticed Joseph
  6975 | D:8      | Shot with a sling bullet by Joseph
  6975 | D:8      | Lost a life (1 life remaining)
  7005 | D:8      | HP: 3/63 [hornet (9)]
  7006 | D:8      | Slain by a hornet
  7006 | D:8      | Lost a life (0 lives remaining)
  7007 | D:8      | Reached skill level 1 in Stealth
  7237 | D:8      | Reached XP level 10. HP: 26/46 MP: 11/11
  7237 | D:8      | Gained a life (1 life remaining)
  7255 | D:8      | Reached skill level 10 in Unarmed Combat
  7534 | D:9      | Noticed Maggie
  7652 | D:8      | Killed Joseph
  7744 | D:9      | Gained mutation: You are hated by all. [Ru sacrifice]
  7744 | D:9      | Reached * piety under Ru
  7785 | D:9      | HP: 1/47 [Maggie/+2 heavy long sword (23)]
  7790 | D:9      | Killed Maggie
  7931 | D:9      | Reached skill level 5 in Evocations
  8043 | D:9      | Noticed Gastronok
  8137 | D:9      | Found a broken altar of Ashenzari.
  8141 | D:9      | Saw a vision of the Swamp and the Snake Pit.
  8141 | D:9      | Noticed a spriggan druid
  8141 | D:9      | Noticed a black mamba
  8142 | D:9      | Noticed a black mamba
  8143 | D:9      | Noticed a black mamba
  8143 | D:9      | Noticed a guardian serpent
  8145 | D:9      | Noticed a four-headed hydra
  8145 | D:9      | Noticed a bog body
  8343 | D:9      | Noticed a two-headed ogre
  8373 | D:9      | Slain by a troll
  8373 | D:9      | Lost a life (0 lives remaining)
  8393 | D:9      | Killed Gastronok
  8610 | D:10     | Entered Level 10 of the Dungeon
  8610 | D:10     | Found a white marble altar of Elyvilon.
  8765 | D:10     | HP: 1/47 [yak (11)]
  8767 | D:10     | Shot with an arrow by a centaur

Illustrated notes

Levels and vault maps discovered:
D:1:      nzn_arrival_crosshair, layout_basic
D:2:      layout_basic, uniq_robin, uniq_natasha
D:3:      layout_loops_cross, nemelex_spade_bored_becter
D:4:      layout_basic, uniq_eustachio
D:5:      minmay_spotlight, layout_basic, uniq_grinder
D:6:      layout_loops_corners
D:7:      layout_basic, mainiacjoe_overflow_boulevard,
          nicolae_overflow_hallway_of_the_gods, minmay_temple_entry_slanted
D:8:      layout_basic, uniq_maurice, uniq_joseph
D:9:      layout_long_grid, grunt_ashenzari_visionary
          [grunt_ashenzari_visionary_swamp, grunt_ashenzari_visionary_snake],
          uniq_gastronok, uniq_maggie
D:10:     layout_loops_ring, elyvilon_altar_5, dk_xom_monty_hall,
          nicolae_overflow_two_pavilions, grunt_decor_one_mirror

Skill      XL: |  1  2  3  4  5  6  7  8  9 10 |
---------------+-------------------------------+-----
Unarmed Combat | 4 5 6 7 9 10 | 10.0
Shapeshifting  | 3 7 9 |  9.4
Fighting       | 2 |  2.4
Dodging        | 3 4 |  4.0
Stealth        | 1 |  1.4
Evocations     | 9 |  9.3

Action                     |  1- 3 |  4- 6 |  7- 9 | 10-12 || total
---------------------------+-------+-------+-------+-------++-------
  Melee: Unarmed           |    66 |   164 |   280 |   176 ||   686
         Bite              |     7 |    17 |    36 |    18 ||    78
         Punch             |     1 |     7 |    10 |       ||    18
 Invoke: Sacrifice Love    |       |       |       |     1 ||     1
Ability: Begin Untransform |       |       |     1 |       ||     1
  Evoke: Wand              |       |       |     4 |    31 ||    35
    Use: Scroll            |     1 |     1 |     7 |     5 ||    14
         Potion            |       |       |     3 |     1 ||     4
   Stab: Sleeping          |       |     2 |     6 |       ||     8
         Distracted        |       |     1 |     1 |       ||     2
         Paralysed         |       |       |       |     2 ||     2
 Armour: Skin              |    26 |    56 |   109 |    68 ||   259
  Dodge: Dodged            |   120 |   120 |   236 |   198 ||   674
   Form: Flux              |       |       |     1 |       ||     1

Table legend: (Time is in decaauts)
 A = Elapsed time spent in this place.
 B = Non-inter-level travel time spent in this place.
 C = Inter-level travel time spent in this place.
 D = Time resting spent in this place.
 E = Time spent auto-exploring this place.
 F = Levels seen in this place.
 G = Mean time per level.
                   A        B        C        D        E       F      G
               +--------+--------+--------+--------+--------+-----+--------+
         Total |   8667 |   8216 |    451 |    450 |   5314 |  10 |  866.7 |
       Dungeon |   8667 |   8216 |    451 |    450 |   5314 |  10 |  866.7 |
               +--------+--------+--------+--------+--------+-----+--------+

Top non-repeatable levels by time:
     D:2: 1062 daAuts
     D:4: 1041 daAuts
     D:7: 1012 daAuts
     D:3: 971 daAuts
     D:8: 952 daAuts
     D:6: 934 daAuts
     D:9: 918 daAuts
     D:5: 884 daAuts
     D:1: 742 daAuts
    D:10: 146 daAuts
